 Dungeon Crawl Stone Soup version 0.26.1-11-gd32895ea62 (webtiles) character file.

Game seed: 2524634800291141474

438 Almogavar the Fighter (level 7, -2/67 HPs)
             Began as a Gnoll Wanderer on July 8, 2021.
             Was an Initiate of Makhleb.
             Slain by a lemure (7 damage)
             ... led by Pikel
             ... on level 6 of the Dungeon.
             The game lasted 00:11:20 (4711 turns).

Almogavar the Fighter (Gnoll Wanderer)              Turns: 4711, Time: 00:11:22

Health: -2/67      AC:  6    Str: 16    XL:     7   Next: 1%
Magic:  10/10      EV: 10    Int: 15    God:    Makhleb [......]
Gold:   285        SH:  9    Dex: 14    Spells: 10/10 levels left

rFire    . . .     SeeInvis .   a - +0 falchion
rCold    + . .     Faith    .   c - +0 kite shield
rNeg     . . .     Spirit   .   h - +2 leather armour {rC+}
rPois    .         Reflect  .   (no helmet)
rElec    .         Harm     .   (no cloak)
rCorr    .         Rampage  .   v - +0 pair of gloves
Will     .....                  (no boots)
Stlth    +++.......             (no amulet)
HPRegen  0.21/turn              (no ring)
MPRegen  0.12/turn              (no ring)

@: no status effects
A: distributed training, fangs 1, strong nose
a: Renounce Religion


You were on level 6 of the Dungeon.
You worshipped Makhleb.
Makhleb was noncommittal.
You visited 2 branches of the dungeon, and saw 6 of its levels.

You collected 285 gold pieces.

Inventory:

Hand Weapons
 a - a +0 falchion (weapon)
 e - a +0 dagger
Missiles
 d - 37 bolts
 f - 181 stones
 g - 6 javelins
 j - 41 arrows
 t - 8 poisoned darts (quivered)
Armour
 c - a +0 kite shield (worn)
 h - a +2 leather armour of cold resistance (worn)
 v - a +0 pair of gloves (worn)
 x - a +0 chain mail
 z - a +0 tower shield
Scrolls
 m - 2 scrolls of remove curse
 n - 2 scrolls of fear
 o - 3 scrolls of amnesia {unknown}
 p - 2 scrolls of teleportation {unknown}
 q - 5 scrolls of enchant weapon {unknown}
 r - 2 scrolls of blinking {unknown}
 u - 2 scrolls of enchant armour {unknown}
 y - 2 scrolls of random uselessness {unknown}
Potions
 b - a potion of curing
 i - a potion of haste
 k - 2 potions of heal wounds
 l - 2 potions of flight
 s - a potion of lignification
 w - a potion of might {unknown}
 A - a potion of ambrosia {unknown}


   Skills:
 + Level 10.5 Fighting
 + Level 2.2 Short Blades
 + Level 3.4 Long Blades
 + Level 2.2 Axes
 + Level 2.2 Maces & Flails
 + Level 2.2 Polearms
 + Level 2.2 Staves
 + Level 2.2 Slings
 + Level 2.2 Bows
 + Level 2.2 Crossbows
 + Level 3.4 Throwing
 + Level 2.2 Armour
 + Level 2.2 Dodging
 + Level 4.7 Stealth
 + Level 3.4 Shields
 + Level 2.2 Unarmed Combat
 + Level 2.2 Spellcasting
 + Level 1.8 Conjurations
 + Level 1.8 Hexes
 + Level 1.8 Summonings
 + Level 1.8 Necromancy
 + Level 1.8 Translocations
 + Level 1.8 Transmutations
 + Level 1.8 Fire Magic
 + Level 1.8 Ice Magic
 + Level 1.8 Air Magic
 + Level 1.8 Earth Magic
 + Level 1.8 Poison Magic
 + Level 2.4 Invocations
 + Level 2.2 Evocations


You had 10 spell levels left.
You didn't know any spells.
Your spell library was empty.

Dungeon Overview and Level Annotations

Branches:
Dungeon (6/15)             Temple (1/1) D:6

Altars:
Ashenzari
Fedhas
Hepliaklqana
Makhleb
Ru
Sif Muna
Wu Jian
Xom
Zin
The Shining One


Innate Abilities, Weirdness & Mutations

Your experience applies equally to all skills.
You have very sharp teeth.
Your uncanny sense of smell can sniff out nearby items.


Message History

The lemure is severely wounded.
The lemure hits you.
* * * LOW HITPOINT WARNING * * *
The lemure hits you but does no damage. You block the lemure's attack.
You hit the lemure.
The lemure is almost dead.
You block the lemure's attack. The lemure barely misses you.
You hit the lemure but do no damage.
The lemure is almost dead.
The lemure hits you.
* * * LOW HITPOINT WARNING * * *
You block the lemure's attack.
You hit the lemure but do no damage.
The lemure is almost dead.
The lemure hits you but does no damage. The lemure hits you.
* * * LOW HITPOINT WARNING * * *
The lemure barely misses you.
You riposte.
You hit the lemure but do no damage.
The lemure is almost dead.
The lemure hits you!
You die...

###................F..(....
#...⌠..>..⌠.##..^.........
.........................
...###...#####........# .
#.⌠.# #.........#
..###...###.......[.#
.........#.#..........#
..........5#)....#....#
..........@5....##.....#
.....##....#............#
..### ##..##...##........#
## #........#.####.....[#
#.....#....... ......##
##.#...........
#####.#........ ##.#.....
##...


You could see 2 lemures.

Vanquished Creatures
  Eustachio (D:6)
  A lemure (D:6)
  A hound (D:4)
  An orc priest (D:3)
  A bullfrog skeleton (D:4)
  A worker ant (D:4)
  A hound skeleton (D:4)
  3 gnolls (D:3)
  4 adders
  3 oozes
  A worm (D:2)
  2 dart slugs (D:4)
  5 leopard geckos
  5 orcs
  2 ball pythons (D:3)
  4 giant cockroaches
  5 goblins
  7 hobgoblins
  8 jackals
  11 bats
  3 frilled lizards
  6 kobolds
  15 rats
91 creatures vanquished.

Vanquished Creatures (others)
  31 fungi (D:4)
31 creatures vanquished.

Grand Total: 122 creatures vanquished

Notes
Turn   | Place    | Note
-------+----------+-------------------------------------------
     0 | D:1      | Reached skill level 10 in Fighting
     0 | D:1      | Almogavar the Gnoll Wanderer began the quest for the Orb.
     0 | D:1      | Almogavar set off with the following items: a +0 falchion,
                  | a potion of curing, a +0 kite shield, a +0 robe, a +0
                  | dagger
     0 | D:1      | Reached XP level 1. HP: 28/28 MP: 1/1
   181 | D:1      | Reached XP level 2. HP: 36/36 MP: 2/2
   535 | D:1      | Reached XP level 3. HP: 42/42 MP: 3/3
  1326 | D:2      | Reached skill level 1 in Invocations
  1391 | D:2      | Reached skill level 1 in Short Blades
  1391 | D:2      | Reached skill level 1 in Axes
  1391 | D:2      | Reached skill level 1 in Maces & Flails
  1391 | D:2      | Reached skill level 1 in Polearms
  1391 | D:2      | Reached skill level 1 in Staves
  1391 | D:2      | Reached skill level 1 in Slings
  1391 | D:2      | Reached skill level 1 in Bows
  1391 | D:2      | Reached skill level 1 in Crossbows
  1391 | D:2      | Reached skill level 1 in Armour
  1391 | D:2      | Reached skill level 1 in Dodging
  1391 | D:2      | Reached skill level 1 in Unarmed Combat
  1391 | D:2      | Reached skill level 1 in Spellcasting
  1391 | D:2      | Reached skill level 1 in Evocations
  1391 | D:2      | Reached XP level 4. HP: 22/48 MP: 5/5
  2247 | D:2      | Reached skill level 1 in Conjurations
  2247 | D:2      | Reached skill level 1 in Hexes
  2247 | D:2      | Reached skill level 1 in Summonings
  2247 | D:2      | Reached skill level 1 in Necromancy
  2247 | D:2      | Reached skill level 1 in Translocations
  2247 | D:2      | Reached skill level 1 in Transmutations
  2247 | D:2      | Reached skill level 1 in Fire Magic
  2247 | D:2      | Reached skill level 1 in Ice Magic
  2247 | D:2      | Reached skill level 1 in Air Magic
  2247 | D:2      | Reached skill level 1 in Earth Magic
  2247 | D:2      | Reached skill level 1 in Poison Magic
  2625 | D:3      | Reached XP level 5. HP: 16/54 MP: 5/7
  3593 | D:4      | Reached XP level 6. HP: 42/61 MP: 8/8
  4366 | D:4      | You fall into a shaft and drop 2 floors!
  4366 | D:6      | Found a staircase to the Ecumenical Temple.
  4367 | D:6      | Noticed Eustachio
  4372 | Temple   | Entered the Ecumenical Temple
  4457 | Temple   | Became a worshipper of Makhleb the Destroyer
  4502 | D:6      | Killed Eustachio
  4503 | D:6      | Reached XP level 7. HP: 38/67 MP: 8/10
  4711 | D:6      | Slain by a lemure

Illustrated notes

Levels and vault maps discovered:
D:1:      evilmike_arrival_rings, layout_loops_corners, kennysheep_crisscross,
          minmay_door_square, hangedman_abyss_or_decor_stabs,
          minmay_rat_gold_closets
D:2:      layout_loops_ring
D:3:      layout_basic
D:4:      layout_loops_ring, serial_aquarium, aquarium_bridge_island_small
          [aquarium_subvault_small_open, aquarium_subvault_bridge,
          aquarium_subvault_wall, aquarium_subvault_wall,
          aquarium_subvault_wall], aquarium_bridge_square
          [aquarium_subvault_bridge, aquarium_subvault_bridge,
          aquarium_subvault_balcony, aquarium_subvault_window],
          aquarium_window_corner, aquarium_window_1, aquarium_window_corridor_1,
          aquarium_window_corner, aquarium_view_2d, aquarium_balcony_5b,
          aquarium_pool_2
D:6:      layout_cave_pools, grunt_temple_overflow_open,
          grunt_temple_overflow_cloverleaf, minmay_temple_entry_junction,
          uniq_blork_the_orc, uniq_pikel, uniq_eustachio
Temple:   eino_temple_lava

Skill      XL: |  1  2  3  4  5  6 |
---------------+-------------------+-----
Fighting       | | 10.5
Invocations    | 1 2 |  2.4
Short Blades   | 1 2 |  2.2
Axes           | 1 2 |  2.2
Maces & Flails | 1 2 |  2.2
Polearms       | 1 2 |  2.2
Staves         | 1 2 |  2.2
Slings         | 1 2 |  2.2
Bows           | 1 2 |  2.2
Crossbows      | 1 2 |  2.2
Armour         | 1 2 |  2.2
Dodging        | 1 2 |  2.2
Unarmed Combat | 1 2 |  2.2
Spellcasting   | 1 2 |  2.2
Evocations     | 1 2 |  2.2
Conjurations   | 1 |  1.8
Hexes          | 1 |  1.8
Summonings     | 1 |  1.8
Necromancy     | 1 |  1.8
Translocations | 1 |  1.8
Transmutations | 1 |  1.8
Fire Magic     | 1 |  1.8
Ice Magic      | 1 |  1.8
Air Magic      | 1 |  1.8
Earth Magic    | 1 |  1.8
Poison Magic   | 1 |  1.8
Long Blades    | 3 |  3.4
Throwing       | 3 |  3.4
Shields        | 3 |  3.4
Stealth        | |  4.7

Action                   |  1- 3 |  4- 6 |  7- 9 || total
-------------------------+-------+-------+-------++-------
Melee: Falchion          |    70 |   209 |    49 ||   328
       Dagger            |     8 |     8 |       ||    16
       Bite              |     6 |    27 |     5 ||    38
Throw: Javelin           |       |     7 |       ||     7
       Stone             |       |     1 |       ||     1
       Dart              |       |       |     3 ||     3
  Use: Scroll            |     1 |     4 |       ||     5
       Potion            |       |       |     1 ||     1
 Stab: Sleeping          |     7 |     6 |       ||    13
Armor: Robe              |     8 |       |       ||     8
       Leather armour    |     6 |    62 |    12 ||    80
       Skin              |       |       |    38 ||    38
Dodge: Dodged            |    24 |    79 |    11 ||   114
Block: Kite shield       |    38 |   125 |    52 ||   215
       Rpst.: Falchion   |    10 |    20 |     3 ||    33
